AoeStats
← Form 1040

Arabia

510518877Analyzed
1v1 RM · 2d ago on Oct 1, 2026· 21m 28s· 2 players
Game mode
Random Map
Map size
Tiny (2 player)
Population
200
Speed
Normal
Resources
Standard
Victory
Conquest
Starting age
Dark Age
Ending age
Imperial Age
RankedLock teamsTeams togetherTeam positionsShared explorationLock speedFull tech treeHidden civsTurbo modeCheats
Victory
Defeat
🇯🇵 Vikings · Japan
1184
+39
🇭🇰 Byzantines · Hong Kong SAR China
1173
-15
Hot Lemon Water
7:26 Loom
9:29 Feudal Age
9:07 Loom
10:21 Double-Bit Axe
11:48 Horse Collar
17:58 Wheelbarrow
20:14 Castle Age
18:16 Gold Mining
18:23 Fletching
20:29 Crossbowman
21:15 Thumb Ring
21:12 Bodkin Arrow
Form 1040
6:42 Loom
9:21 Feudal Age
9:32 Man-at-Arms
13:35 Double-Bit Axe
16:19 Horse Collar
21:11 Castle Age
19:10 Gold Mining
20:10 Fletching
21:54 Padded Archer Armor
21:55 Bodkin Arrow
Connection lost

Rejoining the realm…

Still unreachable

The connection could not be restored.

Session expired

The server has moved on; the page needs a fresh start.